 Dungeon Crawl Stone Soup version 0.21.1-1-g345015fe64 (webtiles) character file.

393 Lavandula the Digger (level 6, 0/42 HPs)
             Began as a Barachi Earth Elementalist on July 3, 2018.
             Slain by a gnoll
             ... wielding a +0 spear
              (5 damage)
             ... on level 4 of the Dungeon.
             The game lasted 00:06:36 (1251 turns).

Lavandula the Digger (Barachi Earth Elementalist)   Turns: 1251, Time: 00:06:36

Health: 0/42       AC:  2    Str: 10    XL:     6   Next: 81%
Magic:  0/13       EV: 13    Int: 17    God:
Gold:   82         SH:  0    Dex: 12    Spells: 2/15 levels left

rFire    . . .     SeeInvis .   p - +1 dagger (freeze)
rCold    . . .     Gourm    .   (no shield)
rNeg     . . .     Faith    .   c - +0 robe
rPois    +         Spirit   .   (no helmet)
rElec    .         Reflect  .   (no cloak)
rCorr    .         Harm     .   (no gloves)
MR       .....                  (no boots)
Stlth    ++........             (no amulet)
HPRegen  0.14/turn              m - ring of poison resistance
MPRegen  0.13/turn              (no ring)

@: can't hop, very slightly contaminated, slow
A: +LOS, swims, slowness 1, strong legs 1
a: Hop


You were on level 4 of the Dungeon.
You were hungry.

You visited 2 branches of the dungeon, and saw 6 of its levels.

You collected 82 gold pieces.

Inventory:

Hand Weapons
 a - a +0 dagger
 j - a cursed -3 war axe
 p - a +1 dagger of freezing (weapon)
Armour
 c - a +0 robe (worn)
 h - a +0 scale mail
 o - a +2 buckler
Jewellery
 m - a ring of poison resistance (left hand)
Scrolls
 i - 2 scrolls of remove curse {unknown}
 k - a scroll of noise {unknown}
 l - a scroll of enchant armour {unknown}
 n - a scroll of teleportation {unknown}
Potions
 f - a potion of cancellation {unknown}
 g - a potion of heal wounds {unknown}
Books
 e - a book of Geomancy

   Spells                             Type                      Level
   a - Sandblast                      Earth                        1
   b - Passwall                       Transmutation/Earth          2
   c - Stone Arrow                    Conjuration/Earth            3
   d - Petrify                        Transmutation/Earth          4
   e - Lee's Rapid Deconstruction     Earth                        5
Comestibles
 d - 2 rations


   Skills:
 - Level 0.6 Fighting
 - Level 1.0 Short Blades
 - Level 3.1 Dodging
 - Level 2.1 Stealth
 + Level 5.0 Spellcasting
 - Level 1.1 Transmutations
 - Level 5.0 Earth Magic


You had 2 spell levels left.
You knew the following spells:

 Your Spells              Type           Power        Failure   Level  Hunger
a - Sandblast             Erth           ###...       1%          1    None
b - Stone Arrow           Conj/Erth      ##....       16%         3    ###....
c - Petrify               Tmut/Erth      ##......     36%         4    ####...
d - Lee's Rapid Deconstr  Erth           ###.......   43%         5    ######.


Dungeon Overview and Level Annotations

Branches:
Dungeon (5/15)             Temple (1/1) D:4

Altars:
Ashenzari
Elyvilon
Gozag
Hepliaklqana
Makhleb
Nemelex Xobeh
Qazlal
Trog
Uskayaw
Vehumet
Wu Jian
Xom
Yredelemnul
Zin
The Shining One


Innate Abilities, Weirdness & Mutations

Shadows flee at your approach. (+LOS)
You can swim through water.
You cover ground slowly.
You can hop short distances.


Message History

You don't know that spell.
Unknown command.
Casting: Sandblast
Confirm with . or Enter, or press ? or * to list all spells.
Aiming: Stone Arrow
Press: ? - help, Shift-Dir - straight line, f - gnoll
Aim: a gnoll, wielding a spear The stone arrow hits the gnoll.
The gnoll is moderately wounded.
You are feeling hungry.
The gnoll hits you with a spear.
You hit the gnoll. You freeze the gnoll.
The gnoll is heavily wounded.
The gnoll barely misses you. The gnoll hits you with a spear!
You closely miss the gnoll.
The gnoll is heavily wounded.
The gnoll hits you from afar with a spear!
* * * LOW HITPOINT WARNING * * *
The gnoll hits you with a spear.
You die...

#........#. #.# #
#........#. #.# #
#........#. #.## #
#........#.########..###
#........#..............
#........##########.####
#...................#
#.......##...##....##
#......@##...##'#######
#......g.....#.........%
#......g.....'..........
#............#..........
#............#..........
########'##...#........<.
#.........#...#.....#####
#.........'...#.....#
#.......†.#...#.....#


You could see 2 gnolls.

Vanquished Creatures
  A sky beast (D:5)
  A bullfrog (D:3)
  A scorpion (D:4)
  An orc priest (D:3)
  Jessica (D:2)
  A worker ant (D:4)
  2 gnolls (D:4)
  7 adders
  A dart slug (D:1)
  3 orcs
  A bat (D:2)
  2 goblins
  3 hobgoblins
  4 jackals (D:3)
  A quokka (D:2)
  3 frilled lizards
  A kobold (D:3)
  A quokka skeleton (D:4)
  5 rats
40 creatures vanquished.

Notes
Turn   | Place    | Note
-------+----------+-------------------------------------------
     0 | D:1      | Lavandula the Barachi Earth Elementalist began the quest for the Orb.
     0 | D:1      | Reached XP level 1. HP: 13/13 MP: 3/3
   146 | D:2      | Reached XP level 2. HP: 19/19 MP: 0/5
   263 | D:2      | Noticed Jessica
   268 | D:2      | Killed Jessica
   268 | D:2      | Reached XP level 3. HP: 24/24 MP: 2/7
   325 | D:2      | Reached XP level 4. HP: 30/30 MP: 4/8
   471 | D:3      | Found a glowing silver altar of Zin.
   484 | D:3      | Found a faded altar of an unknown god.
   506 | D:3      | Noticed a bullfrog
   507 | D:3      | Reached XP level 5. HP: 35/35 MP: 5/9
   525 | D:3      | HP: 1/35 [orc/war axe (9)]
   627 | D:3      | Found a shimmering altar of Xom.
   628 | D:3      | Found a shimmering altar of Xom.
   629 | D:3      | Found a shimmering altar of Xom.
   633 | D:3      | Found a shimmering altar of Xom.
   646 | D:4      | Found a staircase to the Ecumenical Temple.
   655 | Temple   | Entered the Ecumenical Temple
   855 | D:5      | Entered Level 5 of the Dungeon
   871 | D:5      | Noticed a sky beast
   879 | D:5      | Killed a sky beast
   879 | D:5      | Reached skill level 1 in Short Blades
   879 | D:5      | Reached skill level 5 in Earth Magic
   879 | D:5      | Reached XP level 6. HP: 20/42 MP: 3/12
   911 | D:4      | Learned a level 3 spell: Stone Arrow
   916 | D:4      | Learned a level 4 spell: Petrify
   922 | D:4      | Learned a level 5 spell: Lee's Rapid Deconstruction
  1244 | D:4      | Reached skill level 5 in Spellcasting
  1251 | D:4      | Slain by a gnoll

Skill      XL: |  1  2  3  4  5  6 |
---------------+-------------------+-----
Stealth        | 2 |  2.1
Earth Magic    | 4 5 |  5.0
Spellcasting   | 3 4 5 |  5.0
Dodging        | 3 |  3.1
Short Blades   | 1 |  1.0
Fighting       | |  0.6
Transmutations | |  1.1

Action                   |  1- 3 |  4- 6 || total
-------------------------+-------+-------++-------
Melee: Dagger            |    13 |    41 ||    54
 Cast: Sandblast         |    13 |    33 ||    46
       Stone Arrow       |       |     9 ||     9
 Abil: Hop               |     1 |     3 ||     4
  Use: Potion            |       |     2 ||     2
 Stab: Sleeping          |     1 |       ||     1
  Eat: Chunk             |       |     2 ||     2
Armor: Robe              |     1 |     4 ||     5
Dodge: Dodged            |     9 |    44 ||    53
